 Dungeon Crawl Stone Soup version 0.25.0-10-g039870ee82 (webtiles) character file.

Game seed: 8858944362710401247

152613 Flugkiller the Severer (level 16, -9/160 HPs)
             Began as a Deep Dwarf Fighter on June 23, 2020.
             Was the Champion of Makhleb.
             Mangled by a 19-headed hydra (15 damage)
             ... called by a spriggan druid
             ... on level 4 of the Swamp.
             The game lasted 00:13:24 (16218 turns).

Flugkiller the Severer (Deep Dwarf Fighter)        Turns: 16218, Time: 00:13:24

Health: -9/160     AC: 27    Str: 26    XL:     16   Next: 74%
Magic:  17/17      EV:  5    Int: 10    God:    Makhleb [******]
Gold:   2315       SH: 17    Dex: 10    Spells: 15/15 levels left

rFire    + . .     SeeInvis .   s - +5 war axe (vamp)
rCold    + . .     Gourm    .   o - +0 kite shield
rNeg     + . .     Faith    +   D - +0 gold dragon scales
rPois    +         Spirit   .   k - +0 helmet
rElec    .         Reflect  .   g - +0 cloak {MR+}
rCorr    .         Harm     .   (no gloves)
MR       +++..                  m - +0 pair of boots
Stlth    ..........             F - amulet of faith
HPRegen  0.00/turn              j - +4 ring of slaying
MPRegen  0.15/turn              p - +4 ring of protection

@: non-regenerating
A: damage resistance, heal wounds, large bone plates 1, clumsy 1, negative
energy resistance 1, sense surroundings 2, no regeneration
}: 1/15 runes: serpentine
a: Heal Wounds, Minor Destruction, Lesser Servant of Makhleb, Major Destruction,
Greater Servant of Makhleb, Renounce Religion


You were on level 4 of the Swamp.
You worshipped Makhleb.
Makhleb was exalted by your worship.
You were not hungry.

You visited 6 branches of the dungeon, and saw 30 of its levels.

You collected 3635 gold pieces.
You spent 1320 gold pieces at shops.

Inventory:

Hand Weapons
 s - a +5 vampiric war axe (weapon)
   (You took it off a gnoll on level 7 of the Dungeon)
 Q - a +0 broad axe
   (You took it off a death knight on level 13 of the Dungeon)
Missiles
 y - a throwing net (quivered)
Armour
 g - a +0 cloak of magic resistance (worn)
   (You took it off Crazy Yiuf on level 4 of the Dungeon)
 i - a scarf of harm
   (You found it on level 4 of the Snake Pit)
 k - a +0 helmet (worn)
   (You found it on level 4 of the Dungeon)
 m - a +0 pair of boots (worn)
   (You found it on level 3 of the Lair of Beasts)
 o - a +0 kite shield (worn)
 D - +0 gold dragon scales (worn)
   (You found it on level 12 of the Dungeon)
 N - a +2 plate armour of magic resistance
   (You took it off an orc warrior on level 11 of the Dungeon)
Jewellery
 j - a +4 ring of slaying (left hand)
   (You found it on level 6 of the Dungeon)
 p - a +4 ring of protection (right hand)
   (You found it on level 3 of the Lair of Beasts)
 F - an amulet of faith (around neck)
   (You bought it in a shop on level 3 of the Snake Pit)
Wands
 b - a wand of paralysis (17)
   (You found it on level 3 of the Snake Pit)
 v - a wand of digging (14)
   (You found it on level 6 of the Dungeon)
 B - a wand of iceblast (12)
   (You found it on level 2 of the Lair of Beasts)
 G - a wand of acid (28)
   (You found it on level 4 of the Lair of Beasts)
 I - a wand of clouds (13)
   (You found it on level 4 of the Lair of Beasts)
 J - a wand of enslavement (32)
   (You found it on level 9 of the Dungeon)
Scrolls
 f - 3 scrolls of immolation
 r - 2 scrolls of identify
 t - 9 scrolls of teleportation
 x - 14 scrolls of remove curse
 z - 3 scrolls of blinking
 E - 2 scrolls of vulnerability
 L - 2 scrolls of magic mapping
 M - a scroll of fear
Potions
 a - a potion of invisibility {unknown}
 d - 7 potions of might
 h - 2 potions of resistance
 l - 2 potions of flight
 n - 4 potions of magic
 q - 3 potions of curing
 u - 3 potions of mutation
 w - 8 potions of heal wounds
 A - 2 potions of brilliance {unknown}
 C - 3 potions of lignification
 H - 2 potions of haste {unknown}
 O - 3 potions of cancellation
 P - 3 potions of ambrosia {unknown}
Miscellaneous
 R - a tin of tremorstones (3/3)
   (You found it on level 13 of the Dungeon)
Comestibles
 c - a chunk of flesh
 e - 28 rations


   Skills:
 * Level 14.9 Fighting
 * Level 17.2 Axes
 + Level 13.0 Armour
 + Level 13.0 Shields
 + Level 14.2 Invocations
 - Level 6.0 Evocations


You had 15 spell levels left.
You didn't know any spells.
Your spell library was empty.

Dungeon Overview and Level Annotations

Branches:
Dungeon (15/15)            Temple (1/1) D:5            Lair (4/6) D:8
  Swamp (4/4) Lair:3        Snake (4/4) Lair:4          Orc (2/2) D:12
    Elf (0/3) Orc:2        Vaults (0/5) D:13         Depths (0/5) D:15

Altars:
Ashenzari
Cheibriados
Dithmenos
Elyvilon
Fedhas
Gozag
Hepliaklqana
Kikubaaqudgha
Makhleb
Nemelex Xobeh
Okawaru
Qazlal
Ru
Sif Muna
Trog
Uskayaw
Vehumet
Wu Jian
Xom
Yredelemnul
Zin
The Shining One
Beogh

Shops:
D:12 [   Orc:1 !   Orc:2 [:*(   Snake:1 [   Snake:3 }==


Innate Abilities, Weirdness & Mutations

You are resistant to damage.
You can heal yourself by infusing magical energy.
You resist negative energy. (rN+)
You passively map the area around you.
You do not regenerate.
You are partially covered in large bone plates. (SH +4)
You are clumsy. (Dex -2)


Message History

The spectral mist engulfs you but does no damage.
The spectral alligator snapping turtle bites you but does no damage.
The 19-headed hydra is engulfed in spectral mist.
The 19-headed hydra bites you but does no damage.
You block the 19-headed hydra's attack. The 19-headed hydra bites you!
* * * LOW HITPOINT WARNING * * *
You block the 19-headed hydra's attack. x3
The 19-headed hydra bites you but does no damage. x2
The 19-headed hydra bites you.
* * * LOW HITPOINT WARNING * * *
The 19-headed hydra bites you!
* * * LOW HITPOINT WARNING * * *
The 19-headed hydra bites you but does no damage. x3
The 19-headed hydra bites you.
* * * LOW HITPOINT WARNING * * *
You block the 19-headed hydra's attack. The 19-headed hydra barely misses you.
The 19-headed hydra bites you!
* * * LOW HITPOINT WARNING * * *
The 19-headed hydra bites you!!
You die...

§♣♣♣,≈.♣♣♣..≈≈≈..
≈.,...♣♣.≈♣≈≈≈≈≈≈.≈
, .. ≈≈♣.≈.≈≈≈≈≈≈≈♣
* ≈
≈≈≈,♣...≈≈≈≈≈≈≈.♣ ,
....♣≈≈≈≈≈≈≈..≈.♣♣ ,
≈≈≈≈..[^.≈≈≈.♣≈.≈♣ *
* .≈≈≈.≈...≈≈<..≈.♣♣
.≈≈§≈≈≈<☼§t☼≈≈≈≈.♣ ≈
≈♣♣.≈≈≈.D@Z°§☼≈.♣♣
** *♣≈...≈§☼ZZ○§≈.♣*
≈
≈...§§.§4♣♣♣♣§§≈...≈
** * ≈ ≈≈≈≈≈≈≈≈≈
.§.♣≈≈. * ≈≈≈≈≈≈≈≈≈≈
≈≈♣♣ ≈≈ * .≈≈≈≈≈≈≈≈≈
≈♣♣*,,. ≈ ,,
≈♣.≈≈≈≈≈≈≈ ♣♣ * ≈ ≈≈
,* ♣♣≈.≈ ≈≈ *≈≈≈ ≈≈≈
≈ , * ** ≈ * ≈


You could see a 19-headed hydra (strong), a ghost crab, a spectral tyrant leech
(summoned, strong), a spectral swamp drake (summoned, strong), a spectral
alligator snapping turtle (summoned, strong) and a friendly hellwing (summoned).

Vanquished Creatures
  Saint Roka (Orc:2)
  Asterion (Snake:4)
  4 nagarajas (Snake:4)
  An orc warlord (Orc:1)
  2 fire dragons (D:15)
  6 naga warriors
  4 vault guards (D:13)
  A hydra (D:14)
  16 anacondas
  4 centaur warriors
  2 two-headed ogres
  3 ghost crabs (Swamp:2)
  2 death knights
  Erica (D:9)
  9 alligators
  A death yak (Lair:3)
  6 naga sharpshooters
  An orc high priest (Orc:2)
  5 shock serpents
  5 salamander mystics
  An unseen horror (D:15)
  A spriggan druid (Swamp:4)
  2 swamp dragons
  5 naga ritualists
  A phantasmal warrior (D:12)
  3 lindwurms (Snake:4)
  3 orc knights (Orc:2)
  7 mana vipers
  4 orc sorcerers
  11 deep elf magi
  5 salamanders
  5 manticores
  9 ugly things
  A cyclops (D:12)
  A black mamba (shapeshifter) (D:13)
  5 centaur zombies
  8 guardian serpents
  28 black mambas
  13 naga magi
  A torpor snail (Lair:3)
  2 gargoyles (D:12)
  9 spiny frogs
  A freezing wraith (D:12)
  2 komodo dragons
  4 trolls
  A polar bear (Lair:3)
  5 hornets
  4 tyrant leeches
  6 bog bodies
  19 slime creatures
  5 dream sheep (Lair:4)
  8 blink frogs
  7 hippogriffs
  A shadow (D:8)
  A vampire (D:13)
  6 spriggans
  2 wyverns (D:13)
  10 yaks
  3 hungry ghosts
  A basilisk (Lair:2)
  Edmund (D:6)
  4 wargs
  3 vampire mosquitoes (D:12)
  An acid dragon (D:12)
  28 nagas
  5 swamp worms
  13 water moccasins
  5 porcupines
  4 swamp drakes
  19 orc warriors
  4 sky beasts
  A black bear (Lair:4)
  4 ice beasts
  4 phantoms
  8 centaurs
  6 ogres
  6 wolves
  6 crocodiles
  4 big kobolds
  13 bullfrogs
  A wyvern skeleton (D:14)
  2 scorpions
  A water moccasin zombie (D:9)
  4 wights (D:8)
  4 howler monkeys
  An electric eel (D:12)
  6 crimson imps
  4 hounds
  14 jellies
  13 orc priests
  Crazy Yiuf (D:4)
  A gnoll shaman (D:5)
  18 orc wizards
  6 centaur skeletons
  2 iguanas
  4 worker ants
  A worker ant zombie (D:8)
  16 gnolls
  12 adders
  2 shadow imps
  14 oozes
  An adder zombie (D:7)
  An adder skeleton (D:6)
  A worm (D:2)
  4 leopard geckos
  52 orcs
  A bat (D:2)
  3 giant cockroaches (D:5)
  2 hobgoblins
  7 jackals
  29 kobolds
  4 quokkas (D:4)
  2 ball pythons
  3 frilled lizards
  2 goblins (D:2)
  A leopard gecko skeleton (D:6)
  A rat (D:2)
  A fungus (Lair:2)
  3 plants (Lair:4)
670 creatures vanquished.

Vanquished Creatures (collateral kills)
  A nagaraja (Snake:4)
  6 hydras
  2 naga warriors (Snake:4)
  A salamander mystic (Snake:4)
  A lindwurm (Snake:4)
  3 naga ritualists (Snake:4)
  2 naga magi (Snake:4)
  2 spiny frogs
  A rime drake (Lair:2)
  A wyvern (D:12)
  A wraith (D:12)
  A yak (Lair:2)
  A naga (Snake:4)
  A warg (D:12)
  3 water moccasins (Lair:2)
  3 porcupines (Lair:2)
  A crocodile (Lair:2)
  A big kobold (D:12)
  An orc (D:12)
  2 kobolds (D:12)
35 creatures vanquished.

Vanquished Creatures (others)
  Louise (Swamp:2)
  A hydra (Swamp:2)
  An alligator (Swamp:2)
  2 spriggan druids (Swamp:2)
  A swamp dragon (Swamp:2)
  A naga mage (Snake:4)
  A spiny frog (Swamp:2)
  A tyrant leech (Swamp:2)
  5 slime creatures (Swamp:2)
  4 spriggans
  A swamp worm (Swamp:2)
  A naga (Snake:3)
  A sky beast (D:12)
  A swamp drake (Swamp:2)
  An orc priest (Orc:2)
  3 fungi (Lair:3)
  6 plants (Lair:4)
32 creatures vanquished.

Grand Total: 737 creatures vanquished

Notes
Turn   | Place    | Note
-------+----------+-------------------------------------------
     0 | D:1      | Flugkiller the Deep Dwarf Fighter began the quest for the
                  | Orb.
     0 | D:1      | Reached XP level 1. HP: 20/20 MP: 1/1
    89 | D:2      | Reached XP level 2. HP: 13/27 MP: 2/2
    98 | D:2      | Reached XP level 3. HP: 30/34 MP: 3/3
   113 | D:2      | Reached skill level 3 in Axes
   381 | D:3      | Reached XP level 4. HP: 21/42 MP: 4/4
   473 | D:4      | Noticed a phantom
   498 | D:4      | Killed a phantom
   498 | D:4      | Reached skill level 4 in Axes
   498 | D:4      | Reached XP level 5. HP: 40/50 MP: 5/5
   589 | D:4      | Noticed an ogre
   614 | D:4      | Killed an ogre
   614 | D:4      | Reached XP level 6. HP: 57/57 MP: 6/6
   773 | D:4      | Reached skill level 5 in Axes
   922 | D:4      | Found a sparkling altar of Nemelex Xobeh.
  1110 | D:4      | Found a runed translucent door.
  1111 | D:4      | Noticed Crazy Yiuf
  1123 | D:4      | Killed Crazy Yiuf
  1123 | D:4      | Reached XP level 7. HP: 26/66 MP: 7/7
  1158 | D:5      | Entered Level 5 of the Dungeon
  1185 | D:5      | Found a staircase to the Ecumenical Temple.
  1194 | Temple   | Entered the Ecumenical Temple
  1420 | Temple   | Became a worshipper of Makhleb the Destroyer
  1587 | D:5      | Reached skill level 5 in Fighting
  1587 | D:5      | Reached skill level 1 in Invocations
  1879 | D:5      | Reached skill level 5 in Armour
  1879 | D:5      | Reached skill level 5 in Shields
  1919 | D:6      | Reached skill level 6 in Axes
  1921 | D:6      | Reached * piety under Makhleb
  1924 | D:6      | Reached XP level 8. HP: 54/75 MP: 6/6
  2451 | D:6      | Noticed Edmund
  2480 | D:6      | Killed Edmund
  2649 | D:7      | Noticed a hippogriff
  2650 | D:7      | Reached skill level 7 in Axes
  2666 | D:7      | Killed a hippogriff
  2706 | D:7      | Gained mutation: You passively map the area around you.
                  | [Deep Dwarf growth]
  2706 | D:7      | Reached XP level 9. HP: 56/85 MP: 7/7
  2711 | D:7      | Found a radiant altar of Vehumet.
  2779 | D:7      | Found a white marble altar of Elyvilon.
  2918 | D:7      | Found an ancient bone altar of Kikubaaqudgha.
  3034 | D:7      | Reached ** piety under Makhleb
  3046 | D:7      | Got a crystal hand axe
  3047 | D:7      | Identified the +4 hand axe "Ippeamaq" {freeze, rN+ Str+3
                  | Int-2 SInv} (You found it on level 7 of the Dungeon)
  3416 | D:8      | Reached skill level 8 in Axes
  3567 | D:8      | Found a blossoming altar of Fedhas.
  3567 | D:8      | Found an opulent altar of Gozag.
  3568 | D:8      | Found a glowing silver altar of Zin.
  3603 | D:8      | Noticed a two-headed ogre
  3612 | D:8      | Killed a two-headed ogre
  3612 | D:8      | Reached skill level 5 in Invocations
  3923 | D:8      | Reached *** piety under Makhleb
  3923 | D:8      | Reached XP level 10. HP: 91/96 MP: 9/9
  4031 | D:8      | Found a staircase to the Lair.
  4046 | D:8      | Reached skill level 9 in Axes
  4411 | Lair:1   | Entered Level 1 of the Lair of Beasts
  4676 | Lair:1   | Noticed a spiny frog
  4683 | Lair:1   | Killed a spiny frog
  4824 | Lair:1   | Noticed a spiny frog
  4831 | Lair:1   | Killed a spiny frog
  5110 | Lair:1   | You fall into a shaft and drop 1 floor!
  5111 | Lair:2   | Noticed an eight-headed hydra
  5111 | Lair:2   | Noticed a spiny frog
  5116 | Lair:2   | Killed a ten-headed hydra
  5116 | Lair:2   | Killed a spiny frog
  5139 | Lair:2   | Noticed an eight-headed hydra
  5166 | Lair:2   | Killed a 15-headed hydra
  5166 | Lair:2   | Reached skill level 10 in Axes
  5208 | Lair:2   | Noticed a five-headed hydra
  5215 | Lair:2   | Killed an eight-headed hydra
  5261 | Lair:2   | Reached XP level 11. HP: 72/106 MP: 10/10
  6019 | Lair:3   | Found a staircase to the Swamp.
  6324 | Lair:3   | Reached skill level 11 in Axes
  6365 | Lair:3   | Noticed a death yak
  6398 | Lair:3   | Killed a death yak
  6667 | Lair:3   | Reached **** piety under Makhleb
  6823 | Lair:4   | Reached skill level 10 in Fighting
  6953 | Lair:4   | Found a staircase to the Snake Pit.
  6984 | Lair:4   | Reached XP level 12. HP: 116/116 MP: 11/11
  7348 | Lair:4   | Reached skill level 12 in Axes
  8034 | D:9      | Noticed Erica
  8045 | D:9      | Killed Erica
  8392 | D:10     | Entered Level 10 of the Dungeon
  8392 | D:10     | Found a blossoming altar of Fedhas.
  8666 | D:11     | Reached ***** piety under Makhleb
  9139 | D:12     | Reached skill level 10 in Invocations
  9199 | D:12     | Noticed a seven-headed hydra
  9221 | D:12     | Killed a 16-headed hydra
  9314 | D:12     | Found a staircase to the Orcish Mines.
  9329 | D:12     | Found Deloxke's Armour Boutique.
  9356 | D:12     | Noticed a death knight
  9399 | D:12     | Killed a death knight
  9537 | D:12     | Noticed a six-headed hydra
  9552 | D:12     | Killed a 15-headed hydra
  9616 | D:12     | Reached skill level 13 in Axes
  9616 | D:12     | Reached skill level 10 in Armour
  9616 | D:12     | Reached XP level 13. HP: 112/127 MP: 11/11
  9621 | D:12     | Reached skill level 10 in Shields
 10487 | D:13     | Found a gate to the Vaults.
 10515 | D:13     | Reached skill level 1 in Evocations
 10752 | D:13     | Reached skill level 14 in Axes
 10888 | D:14     | Gained mutation: You resist negative energy. (rN+) [Deep
                  | Dwarf growth]
 10888 | D:14     | Reached XP level 14. HP: 135/138 MP: 13/13
 10994 | D:14     | Found a shattered altar of Ashenzari.
 11098 | D:15     | Entered Level 15 of the Dungeon
 11381 | D:15     | Reached ****** piety under Makhleb
 11574 | D:15     | Found a staircase to the Depths.
 11938 | D:15     | Identified a scroll of acquirement
 12079 | Orc:1    | Entered Level 1 of the Orcish Mines
 12079 | Orc:1    | Found Hyfub's Distillery.
 12081 | Orc:1    | Bought a potion of might for 56 gold pieces
 12081 | Orc:1    | Bought a potion of might for 56 gold pieces
 12081 | Orc:1    | Bought a potion of resistance for 140 gold pieces
 12081 | Orc:1    | Bought a potion of cancellation for 112 gold pieces
 12081 | Orc:1    | Bought a potion of heal wounds for 70 gold pieces
 12081 | Orc:1    | Bought a potion of might for 56 gold pieces
 12081 | Orc:1    | Bought a potion of heal wounds for 70 gold pieces
 12107 | Orc:1    | Noticed an orc warlord
 12146 | Orc:1    | Killed an orc warlord
 12185 | Orc:2    | Entered Level 2 of the Orcish Mines
 12266 | Orc:2    | Gained mutation: You are partially covered in large bone
                  | plates. (SH +4) [a neqoxec]
 12271 | Orc:2    | Gained mutation: You are clumsy. (Dex -2) [a neqoxec]
 12312 | Orc:2    | Found a roughly hewn altar of Beogh.
 12312 | Orc:2    | Noticed Saint Roka
 12338 | Orc:2    | Reached skill level 5 in Evocations
 12358 | Orc:2    | Killed Saint Roka
 12364 | Orc:2    | Found Atuxuep's Antique Weapon Boutique.
 12621 | Orc:2    | Found Hies's General Store.
 12634 | Orc:2    | Found a staircase to the Elven Halls.
 12734 | Orc:2    | Found a roughly hewn altar of Beogh.
 12782 | Orc:2    | Found Myhan's Antique Armour Boutique.
 12797 | Orc:2    | Found Faxtuf Zeine's Book Boutique.
 12845 | Orc:2    | Found a bloodstained altar of Trog.
 13318 | Snake:1  | Entered Level 1 of the Snake Pit
 13412 | Snake:1  | Found Zaczeyxtiogi's Antique Armour Shop.
 13440 | Snake:2  | Reached skill level 15 in Axes
 13737 | Snake:3  | Reached XP level 15. HP: 148/148 MP: 15/15
 13823 | Snake:3  | Got a fine ivory amulet
 13832 | Snake:3  | Identified the amulet "Gietyipa" {rN+ Regen+} (You found it
                  | on level 3 of the Snake Pit)
 13951 | Snake:3  | Found Bough's Jewellery Shoppe.
 13953 | Snake:3  | Found Yqoifil's Gadget Boutique.
 13954 | Snake:3  | Found Gedeisai's Jewellery Shoppe.
 13991 | Snake:3  | Bought an uncursed amulet of faith for 760 gold pieces
 14035 | Snake:4  | Entered Level 4 of the Snake Pit
 14316 | Snake:4  | Noticed Asterion
 14340 | Snake:4  | Killed Asterion
 14452 | Snake:4  | Noticed a nagaraja
 14466 | Snake:4  | Noticed a nagaraja
 14490 | Snake:4  | Killed a nagaraja
 14496 | Snake:4  | Killed a nagaraja
 14496 | Snake:4  | Reached skill level 16 in Axes
 14551 | Snake:4  | Noticed a nagaraja
 14551 | Snake:4  | Noticed a nagaraja
 14565 | Snake:4  | Killed a nagaraja
 14570 | Snake:4  | Killed a nagaraja
 14584 | Snake:4  | Noticed a nagaraja
 14601 | Snake:4  | Killed a nagaraja
 14797 | Snake:4  | Reached XP level 16. HP: 159/159 MP: 17/17
 14890 | Snake:4  | Got a serpentine rune of Zot
 15364 | Swamp:1  | Entered Level 1 of the Swamp
 15482 | Swamp:2  | Noticed Louise
 15496 | Swamp:2  | Killed Louise
 15550 | Swamp:2  | Reached skill level 17 in Axes
 16182 | Swamp:4  | Entered Level 4 of the Swamp
 16218 | Swamp:4  | HP: 6/160 [19-headed hydra[a spriggan druid] (10)]
 16218 | Swamp:4  | Mangled by a 19-headed hydra

Illustrated notes

Levels and vault maps discovered:
D:1:      dpeg_arrival_connections, layout_loops_ring
D:2:      cheibrodos_helix_gallery, layout_loops_ring, first_ration,
          minmay_misc_feat_hallway
D:3:      cheibrodos_old_hovel, layout_rooms, minmay_misc_feat_five,
          uniq_natasha
D:4:      layout_loops_ring, nemelex_lonely_heart_becter,
          uniq_crazy_yiuf_cottage
D:5:      layout_rooms, minmay_temple_entry_statues_pillars, nrook_campfire
D:6:      layout_loops_ring, uniq_edmund
D:7:      layout_basic, marbit_many_paths, overflow_temple_1_default,
          vehumet_crystals
D:8:      layout_gridville, gammafunk_temple_overflow_claw, lair_entry_dummy,
          the_bakery
D:9:      layout_grid_maze, uniq_erica
D:10:     layout_basic, serial_undead, serial_undead_c, serial_undead_c,
          serial_undead_d, serial_undead_d, basic_altar, uniq_urug
D:11:     layout_stronghold
D:12:     layout_loops_corners, minmay_orc_entry_guard_dogs, serial_shops,
          nicolae_shop_behind_doors, elves_outpost_lemuel
D:13:     layout_grid_maze, lightli_vaults_fourway_checkpoint, serial_shops,
          shop
D:14:     layout_loops_ring, ashenzari_altar_1, minivault_16,
          minmay_misc_feat_chi
D:15:     grunt_enter_depths_hoard, layout_irregular_city,
          gauntlet_entry_generic, minmay_misc_feat_tower, serial_column_ruins,
          column_ruins_corridor_T, column_ruins_open_small, column_ruins_grid_1,
          column_ruins_grid_3, column_ruins_open_small, grunt_decor_fettered
Temple:   eino_temple_scatter_basement
Lair:1:   layout_cave_pods, minivault_25
Lair:2:   layout_misc_corridors, chequers_serial_rivers_small_3,
          grunt_megastairs_1
Lair:3:   lemuel_slime, layout_long_grid, skrybe_swamp_entry_bodies,
          infiniplex_staircase_pool, serial_bayou_shore_a
Lair:4:   wad_woods_tower, layout_cave_pods, minmay_snake_entry_six_corridors
Swamp:1:  layout_falls_marsh, ebering_ghost_funeral_grove,
          evilmike_swamp_ruin_house_4
Swamp:2:  layout_falls_marsh, nicolae_swamp_trees_clearing,
          cheibrodos_swamp_slimy, uniq_louise
Swamp:3:  layout_basic_swamp, evilmike_swamp_ruin_house_2, swamp_pool2
Swamp:4:  swamp, layout_basic_swamp
Snake:1:  nrook_guardian_serpent_snake_passage, layout_misc_corridors,
          gammafunk_ghost_necromancy, minmay_shoptagon
Snake:2:  layout_rooms, serial_shops, shop_fountains, shop, uniq_aizul,
          uniq_vashnia, uniq_donald
Snake:3:  layout_rooms, serial_shops, shop, shop, nicolae_shop_stone,
          hangedman_snake_corridor_cut, minmay_shop_grove, uniq_azrael
Snake:4:  snake_pit_salamanders_mu, layout_misc_corridors, uniq_asterion
Orc:1:    layout_caves, serial_shops, nicolae_shop_competitors_out_of_business
Orc:2:    grunt_orc_cross, layout_caves, basic_altar, trog_book

Skill      XL: |  1  2  3  4  5  6  7  8  9 10 11 12 13 14 15 16 |
---------------+-------------------------------------------------+-----
Fighting       | 3 4 5 6 7 9 10 11 12 13 14 | 14.9
Axes           | 3 4 5 6 7 8 10 11 13 14 15 16 17 | 17.2
Armour         | 4 5 7 8 9 10 11 12 13 | 13.0
Shields        | 4 5 6 7 9 10 11 12 13 | 13.0
Invocations    | 2 4 5 7 9 10 11 12 13 14 | 14.2
Evocations     | 3 6 |  6.0

Action                   |  1- 3 |  4- 6 |  7- 9 | 10-12 | 13-15 | 16-18 || total
-------------------------+-------+-------+-------+-------+-------+-------++-------
Melee: War axe           |    63 |   108 |   353 |   692 |  1246 |   306 ||  2768
       Hand axe          |       |       |    20 |       |       |       ||    20
Invok: Lesser Servant of |       |       |       |    10 |     1 |     1 ||    12
       Greater Servant o |       |       |       |     1 |     2 |     1 ||     4
 Abil: Heal Wounds       |     2 |     4 |    12 |    24 |     8 |     1 ||    51
  Use: Scroll            |       |       |    13 |     4 |     7 |     2 ||    26
       Potion            |       |       |       |       |     1 |       ||     1
 Stab: Distracted        |       |       |       |     1 |     6 |       ||     7
       Confused          |       |       |       |       |       |     3 ||     3
  Eat: Chunk             |       |     1 |    10 |    19 |    17 |     3 ||    50
       Ration            |       |       |       |     1 |     2 |       ||     3
Armor: Scale mail        |    20 |    40 |   114 |       |       |       ||   174
       Plate armour      |       |       |    65 |   358 |       |       ||   423
       Gold dragon scale |       |       |       |   251 |   776 |   427 ||  1454
Dodge: Dodged            |    19 |    31 |    89 |   145 |   160 |    89 ||   533
Block: Kite shield       |    34 |    51 |   196 |   487 |   943 |   396 ||  2107
